AoeStats
← John Hawkwood

Arabia

508151852Analyzed
1v1 RM · 12d ago on Sep 21, 2026· 22m 45s· 2 players
Game mode
Random Map
Map size
Tiny (2 player)
Population
200
Speed
Normal
Resources
Standard
Victory
Conquest
Starting age
Dark Age
Ending age
Imperial Age
RankedLock teamsTeams togetherTeam positionsShared explorationLock speedFull tech treeHidden civsTurbo modeCheats
Victory
Defeat
🇺🇸 Mongols · United States
1034
+16
🇺🇸 Franks · United States
1034
-16
Buaidh
7:57 Loom
10:44 Feudal Age
12:47 Double-Bit Axe
13:54 Scale Barding Armor
24:14 Castle Age
22:43 Gold Mining
23:09 Forging
John Hawkwood
9:22 Feudal Age
7:39 Loom
15:35 Bloodlines
15:41 Horse Collar
20:16 Castle Age
20:09 Double-Bit Axe
22:18 Forging
Connection lost

Rejoining the realm…

Still unreachable

The connection could not be restored.

Session expired

The server has moved on; the page needs a fresh start.